 Dungeon Crawl Stone Soup version 0.29.0-7-g18a832c13a (webtiles) character file.

Game seed: 8219571550288323268

18836 freelancePsychic the Fighter (level 12, -12/103 HPs)
             Began as a Demonspawn Brigand on Aug 31, 2022.
             Was a High Priest of Vehumet.
             Mangled by an ice devil (23 damage)
             ... in an ice cave.
             The game lasted 00:32:04 (15154 turns).

freelancePsychic the Fighter (Demonspawn Brigand)  Turns: 15154, Time: 00:32:05

Health: -12/103    AC:  7    Str: 11    XL:     12   Next: 31%
Magic:  13/21      EV: 15    Int: 17    God:    Vehumet [*****.]
Gold:   602        SH:  0    Dex: 16    Spells: 15/23 levels left

rFire   . . .      SeeInvis .   a - +1 dagger (venom)
rCold   . . .      Faith    +   (no shield)
rNeg    . . .      Spirit   .   H - +0 steam dragon scales
rPois   .          Reflect  .   (helmet restricted)
rElec   .          Harm     .   c - +0 cloak
rCorr   .          Rampage  .   (gloves unavailable)
Will    +....                   q - +0 pair of boots
Stlth   +++.......              t - amulet of faith
HPRegen 0.27/turn               j - ring of willpower
MPRegen 0.17/turn               (no ring)

@: no status effects
A: claws 3, horns 1, demonic guardian 1, demonic magic 2
a: Renounce Religion


You were in an ice cave.
You worshipped Vehumet.
Vehumet was extremely pleased with you.
You visited 3 branches of the dungeon, and saw 15 of its levels.
You also visited: Ice Cave.

You collected 742 gold pieces.
You spent 140 gold pieces at shops.

Inventory:

Hand Weapons
 a - a +1 dagger of venom (weapon)
 i - a +4 scimitar of flaming
Missiles
 d - 9 poisoned darts
 e - 10 curare-tipped darts
 l - 5 atropa-tipped darts
Armour
 c - a +0 cloak (worn)
 q - a +0 pair of boots (worn)
 H - +0 steam dragon scales (worn)
Magical Staves
 b - a staff of fire
Jewellery
 j - a ring of willpower (left claw)
 t - an amulet of faith (around neck)
Wands
 o - a wand of flame (18)
 C - a wand of iceblast (5)
 G - a wand of charming (8)
Scrolls
 h - a scroll of immolation
 m - 2 scrolls of identify {@r1}
 p - a scroll of enchant armour
 v - a scroll of noise
 y - a scroll of fear
 E - a scroll of summoning
 K - a scroll of teleportation {@r4}
 L - a scroll of poison {unknown}
 M - a scroll of vulnerability
 N - a scroll of silence
 O - a scroll of brand weapon {unknown}
Potions
 g - a potion of flight
 k - a potion of berserk rage {unknown}
 n - a potion of cancellation
 s - 2 potions of heal wounds {@q2}
 w - a potion of mutation {unknown}
 x - 3 potions of attraction {unknown}
 z - a potion of magic
 A - a potion of lignification
 B - 2 potions of ambrosia {unknown}
 D - a potion of might {unknown}
 F - a potion of brilliance {unknown}


   Skills:
 - Level 12.5 Fighting
 - Level 5.0 Short Blades
 - Level 1.7 Throwing
 + Level 7.0 Dodging
 - Level 5.0 Stealth
 + Level 6.1 Spellcasting
 - Level 5.1 Conjurations
 + Level 4.3 Necromancy
 - Level 6.3 Fire Magic
 * Level 5.2 Earth Magic


You had 15 spell levels left.
You knew the following spells:

 Your Spells              Type           Power      Damage    Failure   Level
b - Scorch                Fire           52%        2d8       1%          2
c - Inner Flame           Hex/Fire       15%        N/A       3%          3
e - Mephitic Cloud        Conj/Pois/Air  11%        N/A       5%          3

Your spell library contained the following spells:

 Spells                   Type           Power      Damage    Failure   Level
 Yara's Violent Unravell  Hex/Tmut       2%         3d3       63%         5
 Foxfire                  Conj/Fire      96%        2x1d8     1%          1
 Conjure Flame            Conj/Fire      24%        6-21      1%          3
 Dazzling Flash           Conj/Hex       26%        N/A       3%          3
 Flame Wave               Conj/Fire      24%        2d8       3%          4
 Gell's Gravitas          Tloc           5%         N/A       36%         3
 Lesser Beckoning         Tloc           5%         N/A       36%         3
 Teleport Other           Tloc           5%         N/A       36%         3
 Agony                    Necr           19%        N/A       52%         5
 Summon Ice Beast         Ice/Summ       5%         N/A       77%         4
 Silence                  Hex/Air        2%         N/A       98%         5
 Summon Mana Viper        Hex/Summ       5%         N/A       98%         5
 Monstrous Menagerie      Summ           2%         N/A       100%        7


Dungeon Overview and Level Annotations

Branches:
Dungeon (12/15)            Temple (1/1) D:6            Lair (2/5) D:10
  IceCv (1/1)
  Swamp: Lair:2-3    Shoals: Lair:2-3     Snake: Lair:2-3    Spider: Lair:2-3
    Orc: D:9-12

Altars:
Cheibriados
Fedhas
Kikubaaqudgha
Qazlal
Ru
Sif Muna
Trog
Vehumet
Wu Jian
Yredelemnul

Shops:
D:1 *   D:7 *   D:8 *[==   D:9 *

Annotations:
D:4 exclusion: statue
D:8 1 runed translucent door, Bediveer's ghost, novice KoHu


Innate Abilities, Weirdness & Mutations

You have claws for hands.
You have a pair of small horns on your head.
A weak demonic guardian rushes to your aid.
Spells you cast may paralyse nearby enemies.


Message History

An ice devil comes into view.
Aiming: Throw Flame
Press: ? - help, Shift-Dir - straight line, f - ice devil
Aim: an ice devil (wandering, hasn't noticed you, 68% to hit)
The puff of flame hits the ice devil but does no damage.
Aiming: Throw Flame
Press: ? - help, Shift-Dir - straight line, f/p - ice devil
Aim: an ice devil (68% to hit)
The puff of flame hits the ice devil!
The ice devil is burned terribly!
The ice devil is moderately wounded.
Aiming: Throw Flame
Press: ? - help, Shift-Dir - straight line, f/p - ice devil
Aim: an ice devil (lightly wounded, 68% to hit)
The puff of flame misses the ice devil.
Casting: Scorch (safe; 1% risk of failure)
Confirm with . or Enter, or press ? or * to list all spells.
Flames lash the ice devil.
The ice devil is burned terribly!
The ice devil is heavily wounded.
The ice devil's fire resistance burns away.
Malevolent energies surge around you.
Casting: Scorch (safe; 1% risk of failure)
Confirm with . or Enter, or press ? or * to list all spells.
Flames lash the ice devil but do no damage.
Malevolent energies surge around you.
Casting: Scorch (safe; 1% risk of failure)
Confirm with . or Enter, or press ? or * to list all spells.
Flames lash the ice devil but do no damage.
Malevolent energies surge around you.
Casting: Scorch (safe; 1% risk of failure)
Confirm with . or Enter, or press ? or * to list all spells.
Flames lash the ice devil.
The ice devil is burned terribly!
The ice devil is heavily wounded.
Malevolent energies surge around you. The ice devil hits you!
A demonic guardian appears!
The ice devil freezes you!
* * * LOW HITPOINT WARNING * * *
As you read the scroll of summoning, it crumbles to dust.
Wisps of shadow whirl around you... The ice devil hits you!
* * * LOW HITPOINT WARNING * * *
The ice devil freezes you!!
You die...

#### ##..## ##..@Z##
### #..Z45.# ..######
##5.Z..# ...##..##
###......##
........###.........#
.∩.......#..........#
.....##....##.......#
...#####..####.....##
..## #### #......#


You could see an ice devil (combustible, ally target), a friendly iron imp
(summoned), a friendly wolf simulacrum (summoned), a friendly naga simulacrum
(summoned), a friendly troll simulacrum (summoned) and a friendly ufetubus
(summoned).

Vanquished Creatures
  Fannar (Lair:2)
  Erica (D:9)
  A tengu warrior (D:10)
  2 two-headed ogres
  Pikel (D:6)
  A deep elf pyromancer (D:12)
  4 cyclopes
  An ugly thing (IceCv)
  Maurice (D:8)
  4 black mambas
  Joseph (D:7)
  2 cane toads (Lair:1)
  An unseen horror (D:12)
  Maggie (D:7)
  A kobold demonologist (D:10)
  3 komodo dragons
  A freezing wraith (IceCv)
  A troll (D:7)
  2 slime creatures (D:12)
  Grinder (D:5)
  4 blink frogs (Lair:2)
  A shadow (D:11)
  2 vampires
  2 wyverns
  8 yaks
  Menkaure (D:7)
  2 steam dragons
  A harpy simulacrum (IceCv)
  A death yak simulacrum (IceCv)
  2 acid dragons
  2 water moccasins (Lair:1)
  Duvessa (D:6)
  3 orc warriors (D:9)
  3 ice beasts
  4 black bears
  An ogre (D:6)
  6 centaurs
  A lemure (D:6)
  2 kobold brigands
  Blork the orc (D:5)
  A gnoll sergeant (D:9)
  3 scorpions
  6 bullfrogs
  3 cane toad simulacra (IceCv)
  6 killer bees
  Dowan (D:6)
  2 elephant simulacra (IceCv)
  3 howler monkeys (D:8)
  3 orc priests
  9 hounds
  A gnoll bouda (D:7)
  Ijyb (D:5)
  Terence (D:3)
  8 orc wizards
  4 iguanas
  2 troll simulacra (IceCv)
  A polar bear simulacrum (IceCv)
  3 wolf simulacra (IceCv)
  2 adders
  14 gnolls
  A naga simulacrum (IceCv)
  14 white imps
  An ufetubus (IceCv)
  A worm (D:3)
  A dart slug (D:2)
  26 orcs
  5 ball pythons
  7 endoplasms
  A giant cockroach (D:1)
  7 goblins
  5 hobgoblins
  3 jackals (D:2)
  2 quokkas
  7 bats
  A frilled lizard (D:2)
  13 kobolds
  4 rats
252 creatures vanquished.

Vanquished Creatures (collateral kills)
  A scorpion (D:5)
  A hound (D:4)
  A gnoll bouda (D:4)
  An orc wizard (D:5)
  2 orcs (D:5)
6 creatures vanquished.

Vanquished Creatures (others)
  196 foxfires
  3 fungi (Lair:2)
  31 plants
230 creatures vanquished.

Grand Total: 488 creatures vanquished

Notes
Turn   | Place    | Note
-------+----------+-------------------------------------------
     0 | D:1      | freelancePsychic the Demonspawn Brigand began the quest for
                  | the Orb.
     0 | D:1      | Reached XP level 1. HP: 16/16 MP: 1/1
     2 | D:1      | Noticed a vine stalker
     2 | D:1      | Noticed an ogre
     4 | D:1      | Noticed a ghoul
     4 | D:1      | Noticed a formicid
     7 | D:1      | Noticed an octopode
     7 | D:1      | Noticed a meteoran
     9 | D:1      | Noticed a demigod
     9 | D:1      | Noticed a spriggan
    11 | D:1      | Noticed a felid
    11 | D:1      | Noticed a human
    13 | D:1      | Noticed a draconian
    13 | D:1      | Noticed an elf
    15 | D:1      | Noticed a minotaur
    19 | D:1      | Noticed a gargoyle
    19 | D:1      | Noticed a troll
    21 | D:1      | Noticed a naga
    21 | D:1      | Noticed a merfolk
    23 | D:1      | Noticed a demonspawn
    23 | D:1      | Noticed a tengu
    25 | D:1      | Noticed a vampire
    27 | D:1      | Noticed a meteoran
    27 | D:1      | Noticed a palentonga
   310 | D:1      | Discovered your monstrous ancestry.
   310 | D:1      | Gained mutation: You have sharp fingernails. [demonic
                  | ancestry]
   310 | D:1      | Reached XP level 2. HP: 19/22 MP: 2/2
   517 | D:1      | Found Baurr's Assorted Antiques.
   539 | D:1      | Bought a scroll labelled XEMPUH ZOXYO for 17 gold pieces
   539 | D:1      | Bought a scroll labelled BEAPSU RECS for 17 gold pieces
   539 | D:1      | Bought a scroll labelled XEMPUH ZOXYO for 17 gold pieces
   539 | D:1      | Bought a scroll labelled BEAPSU RECS for 17 gold pieces
  1191 | D:2      | Reached XP level 3. HP: 28/28 MP: 3/3
  1377 | D:2      | Learned a level 1 spell: Foxfire
  2295 | D:3      | Noticed Terence
  2313 | D:3      | Killed Terence
  2314 | D:3      | Reached skill level 1 in Conjurations
  2314 | D:3      | Reached skill level 1 in Fire Magic
  2430 | D:3      | Reached XP level 4. HP: 19/34 MP: 4/4
  2647 | D:3      | Noticed a black bear
  2668 | D:3      | Found a faded altar of an unknown god.
  3140 | D:4      | Found a radiant altar of Vehumet.
  3140 | D:4      | Noticed a charred statue
  3146 | D:4      | Became a worshipper of Vehumet
  3573 | D:4      | Gained mutation: A weak demonic guardian rushes to your
                  | aid. [demonic ancestry]
  3573 | D:4      | Reached XP level 5. HP: 30/39 MP: 1/5
  3979 | D:5      | Entered Level 5 of the Dungeon
  4036 | D:4      | Gained mutation: Spells you cast may paralyse adjacent
                  | enemies. [demonic ancestry]
  4036 | D:4      | Reached XP level 6. HP: 15/46 MP: 6/6
  4043 | D:4      | HP: 2/46 [poisoned by an adder]
  4473 | D:5      | Reached * piety under Vehumet
  4473 | D:5      | Offered knowledge of Freeze by Vehumet.
  4577 | D:5      | Noticed Ijyb
  4618 | D:5      | Reached skill level 3 in Fighting
  4832 | D:5      | Noticed Grinder
  4835 | D:5      | Killed Grinder
  4836 | D:5      | Gained mutation: You have very sharp fingernails. [demonic
                  | ancestry]
  4836 | D:5      | Reached XP level 7. HP: 52/52 MP: 5/7
  5294 | D:6      | Found a staircase to the Ecumenical Temple.
  5304 | D:6      | Reached skill level 5 in Conjurations
  5372 | D:6      | Identified the +6 flail "Ciahuena" {drain, Str+3 Int+3}
  5477 | D:6      | Noticed Pikel
  5748 | D:6      | Noticed a yak
  5760 | D:6      | Noticed a yak
  5762 | D:6      | Noticed a yak
  5775 | D:6      | Killed a yak
  5776 | D:6      | Reached skill level 4 in Fighting
  5776 | D:6      | Reached skill level 1 in Spellcasting
  5940 | D:6      | Reached XP level 8. HP: 54/61 MP: 8/11
  6100 | D:6      | Noticed Dowan
  6114 | Temple   | Entered the Ecumenical Temple
  6245 | D:5      | Reached skill level 5 in Fighting
  6585 | D:5      | Noticed Blork the orc
  6594 | D:5      | Killed Blork the orc
  6947 | D:5      | Killed Ijyb
  6981 | D:6      | Offered knowledge of Scorch by Vehumet.
  6982 | D:6      | Reached skill level 6 in Fighting
  6985 | D:6      | Learned a level 2 spell: Scorch
  7044 | D:6      | Noticed Duvessa
  7053 | D:6      | Killed Duvessa
  7055 | D:6      | Killed Dowan
  7055 | D:6      | Reached ** piety under Vehumet
  7056 | D:6      | Reached skill level 5 in Fire Magic
  7128 | D:6      | Gained mutation: Spells you cast may paralyse nearby
                  | enemies. [demonic ancestry]
  7128 | D:6      | Reached XP level 9. HP: 55/71 MP: 7/16
  7270 | D:6      | Killed Pikel
  7271 | D:6      | Reached skill level 5 in Spellcasting
  7379 | D:6      | Identified a scroll of acquirement
  7380 | D:6      | Acquired a staff of fire
  7543 | D:7      | Found Loemix's General Store.
  7593 | D:7      | Bought a scroll of teleportation for 33 gold pieces
  7593 | D:7      | Bought 6 curare-tipped darts for 39 gold pieces
  7623 | D:7      | Noticed a two-headed ogre
  7629 | D:7      | Killed a two-headed ogre
  7630 | D:7      | Reached skill level 7 in Fighting
  7673 | D:7      | Noticed a cyclops
  7680 | D:7      | Killed a cyclops
  7860 | D:7      | Noticed a troll
  7869 | D:7      | Killed a troll
  7870 | D:7      | Reached skill level 5 in Short Blades
  7870 | D:7      | Gained mutation: You have claws for hands. [demonic
                  | ancestry]
  7870 | D:7      | Reached XP level 10. HP: 65/80 MP: 17/19
  7986 | D:7      | Noticed Menkaure
  7993 | D:7      | Killed Menkaure
  7994 | D:7      | Reached skill level 8 in Fighting
  8002 | D:7      | Offered knowledge of Ignite Poison by Vehumet.
  8237 | D:7      | Found an ornate altar of the Wu Jian Council.
  8279 | D:7      | Noticed Maggie
  8297 | D:7      | Killed Maggie
  8333 | D:7      | Reached skill level 9 in Fighting
  8349 | D:7      | Noticed Joseph
  8378 | D:7      | Killed Joseph
  8637 | D:7      | Reached *** piety under Vehumet
  8997 | D:8      | Found Yxamaequ's Jewellery Shoppe.
  9062 | D:8      | Learned a level 3 spell: Inner Flame
  9097 | D:8      | Noticed Maurice
  9127 | D:8      | Killed Maurice
  9128 | D:8      | Reached skill level 10 in Fighting
  9182 | D:8      | Found a runed translucent door.
  9386 | D:8      | Found Xesubus's Jewellery Emporium.
  9472 | D:8      | Found Faugim's Assorted Antiques.
  9492 | D:8      | Found Leklodol's Antique Armour Shop.
  9600 | D:8      | Found a stormy altar of Qazlal.
  9601 | D:8      | Found a bloodstained altar of Trog.
  9769 | D:8      | Noticed a seven-headed hydra
  9769 | D:8      | Noticed Bediveer's ghost (novice KoHu)
  9783 | D:9      | Found Seimm's General Store.
  9848 | D:9      | You fall into a shaft and drop 3 floors!
  9892 | D:12     | Noticed a deep elf pyromancer
  9913 | D:12     | Offered knowledge of Hailstorm by Vehumet.
  9916 | D:12     | Killed a deep elf pyromancer
  9917 | D:12     | Reached skill level 5 in Stealth
  9960 | D:12     | Reached skill level 11 in Fighting
  9960 | D:12     | Reached skill level 1 in Dodging
 10160 | D:12     | Noticed a cyclops
 10160 | D:12     | Noticed a two-headed ogre
 10165 | D:12     | Killed a two-headed ogre
 10166 | D:12     | Reached XP level 11. HP: 58/93 MP: 12/20
 10448 | D:11     | Noticed a seven-headed hydra
 10511 | D:10     | Entered Level 10 of the Dungeon
 10575 | D:9      | Noticed Erica
 10582 | D:9      | Killed Erica
 10671 | D:9      | Reached **** piety under Vehumet
 11091 | D:9      | Offered knowledge of Mephitic Cloud by Vehumet.
 11122 | D:9      | Learned a level 3 spell: Mephitic Cloud
 11617 | D:9      | Reached skill level 12 in Fighting
 11908 | D:10     | Noticed a tengu warrior
 11935 | D:10     | Killed a tengu warrior
 11936 | D:10     | Reached skill level 5 in Dodging
 12279 | D:10     | Found a staircase to the Lair.
 13017 | D:11     | Reached skill level 1 in Necromancy
 13017 | D:11     | Reached skill level 1 in Earth Magic
 13610 | Lair:1   | Entered Level 1 of the Lair of Beasts
 13693 | Lair:1   | Found a sacrificial altar of Ru.
 14079 | Lair:1   | Gained mutation: You have a pair of small horns on your
                  | head. [demonic ancestry]
 14079 | Lair:1   | Reached XP level 12. HP: 103/103 MP: 12/21
 14162 | Lair:1   | Noticed a five-headed hydra
 14195 | Lair:2   | Noticed Fannar
 14225 | Lair:2   | HP: 3/103 [Fannar/bolt of cold (28)]
 14229 | Lair:2   | Killed Fannar
 14242 | Lair:2   | HP: 5/103 [poisoned by a black mamba]
 14247 | Lair:2   | HP: 3/103 [poisoned by a black mamba]
 14530 | Lair:2   | Reached ***** piety under Vehumet
 14543 | Lair:2   | Offered knowledge of Yara's Violent Unravelling by Vehumet.
 14550 | Lair:2   | Found a frozen archway.
 14729 | IceCv    | Entered an ice cave
 14850 | IceCv    | Reached skill level 5 in Earth Magic
 15154 | IceCv    | Mangled by an ice devil

Illustrated notes

Levels and vault maps discovered:
D:1:      kb_arrival_jail, layout_rooms, serial_shops, nicolae_diamond_shop
D:2:      layout_basic, roderic_serpentine_path, hangedman_decor_points
D:3:      layout_rooms, hellmonk_ecumenical_altar_lost_god,
          serial_bayou_lagoon_b, uniq_terence
D:4:      layout_basic, vehumet_statue, nrook_loot_triangle
D:5:      layout_basic, uniq_ijyb, uniq_blork_the_orc, uniq_grinder
D:6:      layout_loops_cross, minmay_temple_entry_drinking_statues, uniq_pikel,
          uniq_duvessa
D:7:      layout_cave_pods, nicolae_wu_jian_immortal_techniques, serial_shops,
          nicolae_shop_advertising_works [nicolae_subvault_shop_adworks],
          kb_rosetta, uniq_menkaure, uniq_maggie, uniq_joseph
D:8:      layout_basic, gammafunk_temple_overflow_statue, serial_shops,
          nicolae_lakefront_shop, shop, nicolae_shop_stone, nicolae_square_shop,
          ebering_ghost_inner_flame, uniq_maurice
D:9:      layout_grid_maze, enter_bailey_5, serial_shops,
          nicolae_shop_hallway_stairs, kennysheep_small_square, uniq_erica
D:10:     layout_stronghold, david_lair_shrubbed
D:11:     layout_loops_corners, serial_rivers, chequers_serial_rivers_micro_e,
          chequers_serial_rivers_small_a, chequers_serial_rivers_micro_e,
          chequers_serial_rivers_room_a, dreamdust_gnoll_shepherd
D:12:     layout_loops_ring, orc_0_dummy
Temple:   eino_narrow_crystal_temple
Lair:1:   layout_misc_corridors, basic_altar, grunt_megastairs_1
Lair:2:   layout_roguey, portal_ice_cave_entry_imps, wad_woods_river_01,
          grunt_megastairs_4, uniq_fannar
IceCv:    ice_cave_small_necro

Skill      XL: |  1  2  3  4  5  6  7  8  9 10 11 12 |
---------------+-------------------------------------+-----
Short Blades   | 2 5 |  5.0
Conjurations   | 1 2 3 4 5 |  5.1
Fire Magic     | 1 2 3 4 5 6 |  6.3
Fighting       | 3 4 6 7 11 12 | 12.5
Spellcasting   | 2 4 6 |  6.1
Stealth        | 5 |  5.0
Dodging        | 2 6 7 |  7.0
Necromancy     | 2 4 |  4.3
Earth Magic    | 3 5 |  5.2
Throwing       | |  1.7

Action                   |  1- 3 |  4- 6 |  7- 9 | 10-12 || total
-------------------------+-------+-------+-------+-------++-------
Melee: Dagger            |   108 |    62 |    64 |   132 ||   366
       Punch             |     1 |     2 |       |     2 ||     5
       Headbutt          |       |       |       |     2 ||     2
Throw: Dart              |    21 |    19 |    13 |     7 ||    60
 Cast: Foxfire           |       |    27 |    70 |    25 ||   122
       Scorch            |       |       |    24 |   195 ||   219
       Inner Flame       |       |       |       |    13 ||    13
       Mephitic Cloud    |       |       |       |     1 ||     1
Evoke: Wand              |       |       |     1 |    11 ||    12
  Use: Scroll            |     2 |     3 |     8 |    13 ||    26
       Potion            |       |     3 |     1 |     7 ||    11
 Stab: Sleeping          |     1 |     5 |     4 |     8 ||    18
       Paralysed         |       |     7 |    31 |    66 ||   104
Armor: Robe              |    30 |     7 |    26 |     3 ||    66
       Steam dragon scal |       |       |       |    58 ||    58
Dodge: Dodged            |    58 |    33 |    40 |   136 ||   267
